AoeStats
← 市委书记李达康

Fortress

509890728Analyzed
4v4 RM · 4d ago on Sep 28, 2026· 85m 6s· 8 players
Game mode
Random Map
Map size
Huge
Population
200
Speed
Normal
Resources
Standard
Victory
Conquest
Starting age
Dark Age
Ending age
Imperial Age
RankedLock teamsTeams togetherTeam positionsShared explorationLock speedFull tech treeHidden civsTurbo modeCheats
Victory
Defeat
🇨🇳 Inca · China
1151
+15
🇨🇳 Huns · China
1136
+15
🇻🇳 Koreans · Vietnam
1098
+17
🇨🇱 Poles · Chile
1063
+18
🇪🇸 Khmer · Spain
1165
-18
🇨🇳 Bulgarians · China
1121
-16
🇩🇪 Franks · Germany
1110
-16
🇵🇹 Spanish · Portugal
1082
-15
LLBHLJ
2:32 Loom
7:20 Feudal Age
12:19 Castle Age
10:23 Double-Bit Axe
15:24 Bow Saw
23:20 Imperial Age
21:32 Wheelbarrow
20:43 Town Watch
21:48 Scale Barding Armor
21:43 Scale Mail Armor
22:19 Husbandry
22:56 Gold Mining
23:32 Cavalier
25:08 Forging
27:23 Chain Barding Armor
29:27 Paladin
30:31 Chain Mail Armor
31:42 Plate Barding Armor
31:44 Plate Mail Armor
31:36 Hand Cart
32:47 Iron Casting
32:55 Town Patrol
41:08 Pikeman
41:34 Arson
41:49 Squires
51:15 Light Cavalry
79:51 Crossbowman
Roke6
6:22 Feudal Age
10:03 Castle Age
8:13 Double-Bit Axe
9:12 Horse Collar
13:57 Wheelbarrow
14:23 Bow Saw
14:31 Heavy Plow
17:43 Fletching
22:16 Loom
27:29 Bodkin Arrow
29:01 Stone Mining
29:02 Gold Mining
30:30 Town Watch
31:23 Wheelbarrow
31:00 Scale Mail Armor
30:25 Pikeman
35:57 Imperial Age
35:20 Gold Shaft Mining
35:04 Chain Mail Armor
36:45 Bracer
37:48 Town Patrol
37:46 Crossbowman
38:51 Arbalester
42:04 Conscription
42:02 Halberdier
49:25 Arson
51:07 Coinage
52:21 Chemistry
51:42 Ballistics
51:13 Capped Ram
51:21 Elite Skirmisher
52:00 Elite Skirmisher
52:45 Siege Ram
57:49 Elite Skirmisher
57:55 Elite Skirmisher
60:47 Hand Cart
60:36 Town Patrol
62:20 Town Patrol
64:04 Forging
64:00 Scale Barding Armor
63:56 Padded Archer Armor
64:07 Light Cavalry
64:58 Bloodlines
64:49 Husbandry
64:57 Hussar
72:00 Chain Barding Armor
72:17 Iron Casting
73:35 Plate Barding Armor
73:16 Leather Archer Armor
76:57 Man-at-Arms
kktomcheung
7:59 Feudal Age
7:31 Loom
12:57 Castle Age
11:47 Horse Collar
11:53 Double-Bit Axe
13:46 Heavy Plow
14:17 Bow Saw
16:24 Forging
19:16 Gold Mining
24:56 Iron Casting
24:23 Scale Mail Armor
24:28 Scale Barding Armor
26:16 Town Watch
27:59 Chain Mail Armor
28:04 Chain Barding Armor
28:31 Wheelbarrow
31:42 Imperial Age
30:30 Hand Cart
29:45 Pikeman
32:33 Stirrups
33:03 Conscription
32:47 Halberdier
35:08 Blast Furnace
34:38 Plate Mail Armor
40:20 Crop Rotation
42:29 Squires
42:14 Arson
43:02 Gambesons
51:48 Fletching
51:58 Padded Archer Armor
52:07 Elite Skirmisher
52:52 Thumb Ring
52:46 Bodkin Arrow
53:06 Leather Archer Armor
54:23 Bracer
81:32 Chemistry
80:53 Ballistics
!
5:03 Loom
7:09 Feudal Age
9:39 Double-Bit Axe
12:19 Castle Age
11:20 Horse Collar
13:22 Bow Saw
19:27 Scale Barding Armor
21:21 Heavy Plow
33:06 Forging
33:15 Gold Mining
34:18 Husbandry
36:40 Wheelbarrow
36:55 Iron Casting
40:35 Bloodlines
42:12 Hand Cart
41:44 Town Watch
43:27 Chain Barding Armor
48:41 Imperial Age
46:43 Fervor
46:33 Atonement
47:04 Atonement
50:47 Plate Barding Armor
51:12 Blast Furnace
49:34 Cavalier
49:42 Elite Conquistador
50:26 Stone Mining
53:04 Two-Man Saw
54:03 Conscription
56:01 Light Cavalry
56:01 Light Cavalry
57:33 Padded Archer Armor
57:24 Fletching
57:36 Elite Skirmisher
60:37 Hussar
61:58 Leather Archer Armor
61:39 Bodkin Arrow
64:29 Ring Archer Armor
65:40 Ballistics
66:21 Chemistry
66:03 Bracer
69:15 Scale Mail Armor
71:23 Capped Ram
73:04 Squires
72:50 Arson
73:22 Chain Mail Armor
72:54 Pikeman
73:20 Gambesons
75:48 Plate Mail Armor
77:16 Thumb Ring
市委书记李达康
6:17 Feudal Age
4:33 Loom
7:11 Horse Collar
7:19 Double-Bit Axe
10:08 Champi Runner
14:26 Castle Age
12:47 Scale Mail Armor
13:31 Forging
24:23 Wheelbarrow
26:24 Heavy Plow
32:02 Bow Saw
41:11 Gold Mining
42:54 Gold Shaft Mining
43:39 Iron Casting
46:16 Imperial Age
44:04 Hand Cart
46:32 Iron Casting
46:12 Chain Mail Armor
46:33 Elite Kamayuk
47:40 Conscription
53:12 Plate Mail Armor
54:39 Crop Rotation
56:32 Capped Ram
58:23 Siege Ram
60:51 Stone Mining
61:38 Caravan
62:39 Stone Shaft Mining
78:53 Thumb Ring
78:43 Fletching
78:54 Padded Archer Armor
79:56 Bodkin Arrow
80:38 Leather Archer Armor
83:01 Bracer
84:02 Blast Furnace
Andrus
7:17 Feudal Age
8:55 Horse Collar
9:02 Double-Bit Axe
10:12 Loom
14:48 Castle Age
14:35 Scale Barding Armor
14:41 Forging
14:29 Gold Mining
16:42 Heavy Plow
17:05 Szlachta Privileges
21:23 Bloodlines
22:02 Husbandry
23:48 Chain Barding Armor
26:21 Iron Casting
31:50 Imperial Age
29:59 Wheelbarrow
32:40 Cavalier
34:21 Blast Furnace
40:19 Hoardings
39:23 Light Cavalry
40:18 Scale Mail Armor
41:14 Town Watch
41:44 Hand Cart
45:10 Fletching
46:13 Caravan
45:37 Winged Hussar
47:01 Bodkin Arrow
47:39 Crop Rotation
47:20 Bow Saw
48:59 Bracer
50:23 Murder Holes
58:20 Chain Mail Armor
59:11 Stone Mining
71:51 Coinage
78:35 Plate Mail Armor
78:06 Padded Archer Armor
78:37 Lechitic Legacy
78:39 Conscription
77:40 Elite Obuch
79:58 Chemistry
79:18 Ballistics
78:41 Treadmill Crane
80:14 Leather Archer Armor
82:55 Fortified Wall
82:57 Masonry
83:13 Town Patrol
省委高育良
7:33 Feudal Age
11:57 Castle Age
9:39 Horse Collar
10:43 Double-Bit Axe
20:12 Bow Saw
20:04 Heavy Plow
20:58 Gold Mining
23:09 Gold Shaft Mining
23:58 Marauders
26:39 Imperial Age
24:54 Wheelbarrow
24:28 Town Watch
24:28 Loom
24:50 Scale Barding Armor
24:55 Forging
25:06 Husbandry
25:16 Bloodlines
26:36 Chain Barding Armor
26:11 Stone Mining
26:41 Hand Cart
27:23 Iron Casting
27:59 Plate Barding Armor
26:49 Elite Tarkan
30:37 Blast Furnace
30:13 Plate Barding Armor
30:06 Conscription
35:17 Parthian Tactics
34:57 Thumb Ring
34:46 Fletching
34:56 Padded Archer Armor
36:30 Light Cavalry
43:17 Two-Man Saw
44:01 Hussar
45:23 Heavy Cavalry Archer
46:15 Bodkin Arrow
46:35 Leather Archer Armor
48:40 Bracer
50:58 Ballistics
51:39 Chemistry
60:45 Caravan
bthi68153
2:42 Loom
3:07 Loom
7:43 Feudal Age
12:38 Castle Age
10:41 Double-Bit Axe
11:02 Horse Collar
11:44 Gold Mining
26:11 Pikeman
28:59 Scale Mail Armor
29:36 Heavy Plow
33:18 Imperial Age
32:01 Chain Mail Armor
32:57 Squires
33:09 Forging
34:05 Wheelbarrow
34:38 Halberdier
36:07 Elite Skirmisher
39:11 Chemistry
38:44 Plate Mail Armor
39:06 Iron Casting
39:23 Fletching
39:59 Crossbowman
41:11 Bodkin Arrow
43:08 Man-at-Arms
43:54 Bracer
45:06 Arbalester
46:38 Thumb Ring
53:48 Elite Fire Lancer
53:56 Light Cavalry
57:45 Scale Barding Armor
58:19 Hussar
Connection lost

Rejoining the realm…

Still unreachable

The connection could not be restored.

Session expired

The server has moved on; the page needs a fresh start.